SAA
IRVING BLUE SOX @ VIRGINIA BEACH WHALES
07/25/2041
 
TOP OF THE 1ST
Irving Blue Sox batting - Pitching for Virginia Beach Whales : LHP Mark Taylor
Pitching: LHP Mark Taylor
Batting: SHB Ignacio Cabrera 0-0: Swinging Strike
0-1: Swinging Strike
0-2: Strikes out swinging
Batting: LHB Daniel Page 0-0: Ball
1-0: Ball
2-0: Foul Ball, location: 2F
2-1: Ground out 4-3 (Groundball, 4M, EV 86.2 MPH)
Batting: RHB Omar Luoa 0-0: Called Strike
0-1: Ball
1-1: SINGLE (Line Drive, 6D, EV 98.1 MPH)
Batting: RHB Nick McGhee 0-0: Ball
1-0: Ball
2-0: Foul Ball, location: 2F
2-1: Foul Ball, location: 2F
2-2: Fielders Choice at 2nd, 6-4 (Groundball, 6, EV 98.1 MPH)
Top of the 1st over - 0 runs, 1 hit, 0 errors, 1 left on base; Irving 0 - Virginia Beach 0
BOTTOM OF THE 1ST
Virginia Beach Whales batting - Pitching for Irving Blue Sox : LHP George Battle
Pitching: LHP George Battle
Batting: RHB Óscar Cardozo 0-0: Ball
1-0: Ball
2-0: Foul Ball, location: 2F
2-1: Ball
3-1: Fly out, F8 (Line Drive, 8LD, EV 93.1 MPH)
Batting: RHB Juan Oleastro 0-0: SINGLE (Groundball, 56D, EV 100.6 MPH)
Batting: RHB Doug Chapman 0-0: Called Strike
0-1: Ball
1-1: Swinging Strike
1-2: Fielders Choice at 2nd, 6-4 (Groundball, 6, EV 83.8 MPH)
Batting: LHB Esteban Sifuentes 0-0: Foul Ball, location: 2F
0-1: 2-RUN HOME RUN (Flyball, 9D, EV 109.4 MPH), Distance : 382 ft
Batting: RHB Dave Thomas 0-0: Ball
1-0: Ball
2-0: Foul Ball, location: 2F
2-1: Ball
3-1: Fly out, F8 (Line Drive, 8RD, EV 93.8 MPH)
Bottom of the 1st over - 2 runs, 2 hits, 0 errors, 0 left on base; Irving 0 - Virginia Beach 2
TOP OF THE 2ND
Irving Blue Sox batting - Pitching for Virginia Beach Whales : LHP Mark Taylor
Batting: RHB Rubén Plumey 0-0: Ball
1-0: Foul Ball, location: 2F
1-1: Ball
2-1: Called Strike
2-2: Ball
3-2: Base on Balls
Batting: LHB Kent Maxwell 0-0: Called Strike
0-1: Called Strike
0-2: Ball
1-2: Strikes out looking
Batting: RHB Martín Muńóz 0-0: Ball
1-0: Called Strike
1-1: Ball
2-1: Ball
3-1: Foul Ball, location: 2F
3-2: Ground out 4-3 (Groundball, 4M, EV 83.1 MPH)
Rubén Plumey to second
Batting: LHB Zak Makepeace 0-0: Fly out, F4 (Popup, 4M, EV 66.2 MPH)
Top of the 2nd over - 0 runs, 0 hits, 0 errors, 1 left on base; Irving 0 - Virginia Beach 2
BOTTOM OF THE 2ND
Virginia Beach Whales batting - Pitching for Irving Blue Sox : LHP George Battle
Batting: RHB Paul Pitts 0-0: Called Strike
0-1: Foul Ball, location: 2F
0-2: Ball
1-2: Ground out 1-3 (Groundball, 13S, EV 65.0 MPH)
Batting: LHB Keith Pick 0-0: Ball
1-0: Ball
2-0: Called Strike
2-1: Foul Ball, location: 2F
2-2: Foul Ball, location: 2F
2-2: Ball
3-2: Foul Ball, location: 2F
3-2: Strikes out swinging
Batting: RHB Pat Geldart 0-0: Ball
1-0: Ball
2-0: Called Strike
2-1: Swinging Strike
2-2: Foul Ball, location: 2F
2-2: Strikes out swinging
Bottom of the 2nd over - 0 runs, 0 hits, 0 errors, 0 left on base; Irving 0 - Virginia Beach 2
TOP OF THE 3RD
Irving Blue Sox batting - Pitching for Virginia Beach Whales : LHP Mark Taylor
Batting: RHB Richard Theunen 0-0: Ball
1-0: Called Strike
1-1: Foul Ball, location: 2F
1-2: Foul Ball, location: 2F
1-2: Strikes out swinging
Batting: SHB Ignacio Cabrera 0-0: Ball
1-0: Ball
2-0: Foul Ball, location: 2F
2-1: Called Strike
2-2: Ground out 6-3 (Groundball, 6, EV 103.1 MPH)
Batting: LHB Daniel Page 0-0: Foul Ball, location: 2F
0-1: Swinging Strike
0-2: Foul Ball, location: 2F
0-2: Ball
1-2: Ball
2-2: Ball
3-2: SINGLE (Groundball, 34D, EV 103.8 MPH)
Batting: RHB Omar Luoa 0-0: Ball
1-0: Called Strike
1-1: Ball
Wild Pitch!
Daniel Page to second
2-1: Ball
3-1: Foul Ball, location: 2F
3-2: SINGLE (Line Drive, 56D, EV 99.4 MPH)
Daniel Page to third
Daniel Page scores
Batting: RHB Nick McGhee 0-0: Swinging Strike
0-1: Ball
Wild Pitch!
Omar Luoa to second
1-1: Ball
2-1: Called Strike
2-2: Ball
3-2: Ground out 5-3 (Groundball, 5, EV 87.5 MPH)
Top of the 3rd over - 1 run, 2 hits, 0 errors, 1 left on base; Irving 1 - Virginia Beach 2
BOTTOM OF THE 3RD
Virginia Beach Whales batting - Pitching for Irving Blue Sox : LHP George Battle
Batting: RHB Lloyd van Grootveld 0-0: Ball
1-0: Foul Ball, location: 2F
1-1: Ball
2-1: Foul Ball, location: 2F
2-2: Ball
3-2: Foul Ball, location: 2F
3-2: Base on Balls
Batting: RHB Óscar Cardozo 0-0: Ball
1-0: Foul Ball, location: 2F
1-1: Ball
2-1: Foul Ball, location: 2F
2-2: Ball
3-2: Grounds into double play, 6-4-3 (Groundball, 6, EV 84.4 MPH)
Batting: RHB Juan Oleastro 0-0: Foul Ball, location: 2F
0-1: Swinging Strike
0-2: Ball
1-2: Foul Ball, location: 2F
1-2: Foul Ball, location: 2F
1-2: Foul Ball, location: 2F
1-2: DOUBLE (Line Drive, 9LS, EV 101.2 MPH)
Batting: RHB Doug Chapman 0-0: Ball
1-0: Ball
2-0: Swinging Strike
2-1: Foul Ball, location: 2F
2-2: Ball
3-2: Strikes out swinging
Bottom of the 3rd over - 0 runs, 1 hit, 0 errors, 1 left on base; Irving 1 - Virginia Beach 2
TOP OF THE 4TH
Irving Blue Sox batting - Pitching for Virginia Beach Whales : LHP Mark Taylor
Batting: RHB Rubén Plumey 0-0: Called Strike
0-1: DOUBLE (Line Drive, 89D, EV 106.2 MPH)
Batting: LHB Kent Maxwell 0-0: Called Strike
0-1: Ball
Wild Pitch!
Rubén Plumey to third
1-1: Called Strike
1-2: Ball
2-2: Ball
3-2: Fly out, F9 (Line Drive, 9D, EV 90.0 MPH)
Runner from 3rd tags up, SCORES, throw by RF
Batting: RHB Martín Muńóz 0-0: Foul Ball, location: 2F
0-1: Fly out, F9 (Flyball, 9S, EV 89.4 MPH)
Batting: LHB Zak Makepeace 0-0: Ball
1-0: Swinging Strike
1-1: Foul Ball, location: 2F
1-2: Foul Ball, location: 2F
1-2: Foul Ball, location: 2F
1-2: Foul Ball, location: 2F
1-2: Fly out, F4 (Popup, 4S, EV 75.6 MPH)
Top of the 4th over - 1 run, 1 hit, 0 errors, 0 left on base; Irving 2 - Virginia Beach 2
BOTTOM OF THE 4TH
Virginia Beach Whales batting - Pitching for Irving Blue Sox : LHP George Battle
Batting: LHB Esteban Sifuentes 0-0: Swinging Strike
0-1: Fly out, F8 (Flyball, 78XD, EV 97.5 MPH)
Batting: RHB Dave Thomas 0-0: Ball
1-0: Ball
2-0: Called Strike
2-1: Ball
3-1: Fly out, F6 (Flyball, 56D, EV 86.9 MPH)
Batting: RHB Paul Pitts 0-0: Swinging Strike
0-1: Ball
1-1: Ball
2-1: Ball
3-1: Swinging Strike
3-2: Base on Balls
Batting: LHB Keith Pick 0-0: Ball
1-0: DOUBLE (Flyball, 8LXD, EV 102.5 MPH)
Paul Pitts to third
Batting: RHB Pat Geldart 0-0: Ball
1-0: Ball
2-0: Swinging Strike
2-1: Ball
3-1: Fly out, F9 (Line Drive, 9, EV 90.6 MPH)
Bottom of the 4th over - 0 runs, 1 hit, 0 errors, 2 left on base; Irving 2 - Virginia Beach 2
TOP OF THE 5TH
Irving Blue Sox batting - Pitching for Virginia Beach Whales : LHP Mark Taylor
Batting: RHB Richard Theunen 0-0: Swinging Strike
0-1: Ball
1-1: Foul Ball, location: 2F
1-2: SOLO HOME RUN (Flyball, 7D, EV 96.9 MPH), Distance : 399 ft
Batting: SHB Ignacio Cabrera 0-0: Swinging Strike
0-1: Fly out, F9 (Flyball, 89S, EV 85.6 MPH)
Batting: LHB Daniel Page 0-0: Ball
1-0: Swinging Strike
1-1: Foul Ball, location: 2F
1-2: Ball
2-2: Ground out 4-3 (Groundball, 4, EV 86.2 MPH)
Batting: RHB Omar Luoa 0-0: Swinging Strike
0-1: Ball
1-1: Called Strike
1-2: Ground out U3 (Groundball, 3, EV 85.6 MPH)
Top of the 5th over - 1 run, 1 hit, 0 errors, 0 left on base; Irving 3 - Virginia Beach 2
BOTTOM OF THE 5TH
Virginia Beach Whales batting - Pitching for Irving Blue Sox : LHP George Battle
Batting: RHB Lloyd van Grootveld 0-0: Called Strike
0-1: Foul Ball, location: 2F
0-2: Ball
1-2: Ball
2-2: Ground out 6-3 (Groundball, 6, EV 86.9 MPH)
Batting: RHB Óscar Cardozo 0-0: Ball
1-0: Ball
2-0: SINGLE (Groundball, 56D, EV 95.6 MPH)
Batting: RHB Juan Oleastro 0-0: Called Strike
0-1: Ball
1-1: Fly out, F9 (Flyball, 9, EV 88.1 MPH)
Batting: RHB Doug Chapman 0-0: Ball
1-0: Ball
2-0: Fly out, F8 (Line Drive, 8RD, EV 96.2 MPH)
Bottom of the 5th over - 0 runs, 1 hit, 0 errors, 1 left on base; Irving 3 - Virginia Beach 2
TOP OF THE 6TH
Irving Blue Sox batting - Pitching for Virginia Beach Whales : LHP Mark Taylor
Pitching: RHP Quan Yang
Batting: RHB Nick McGhee 0-0: Ball
1-0: Called Strike
1-1: Ball
2-1: Foul Ball, location: 2F
2-2: DOUBLE (Line Drive, 9LS, EV 106.9 MPH)
Batting: RHB Rubén Plumey 0-0: Foul Ball, location: 2F
0-1: Ball
1-1: Swinging Strike
1-2: Ball
2-2: SINGLE (Flyball, 8RS, EV 91.2 MPH)
Nick McGhee to third
Runner from 3rd tries for Home, SAFE, no throw by CF
Batting: LHB Kent Maxwell 0-0: Called Strike
0-1: Foul Ball, location: 2F
0-2: Ball
1-2: Ball
2-2: Ball
3-2: Foul Ball, location: 2F
3-2: DOUBLE (Line Drive, 89D, EV 100.0 MPH)
Rubén Plumey to third
Batting: RHB Martín Muńóz 0-0: Ball
Wild Pitch!
Rubén Plumey scores
Kent Maxwell to third
1-0: Ball
2-0: Called Strike
2-1: Called Strike
2-2: Foul Ball, location: 2F
2-2: Ground out 4-3 (Groundball, 34, EV 103.8 MPH)
Kent Maxwell scores
Pitching: RHP Josh Caldwell
Batting: LHB Zak Makepeace 0-0: Ball
1-0: Ball
2-0: Foul Ball, location: 2F
2-1: Ball
3-1: Called Strike
3-2: Foul Ball, location: 2F
3-2: SINGLE (Line Drive, 89S, EV 94.4 MPH)
Batting: RHB Richard Theunen 0-0: Ball
1-0: Called Strike
1-1: Ball
2-1: Foul Ball, location: 2F
2-2: SINGLE (Line Drive, 8RS, EV 100.6 MPH)
Zak Makepeace to second
Batting: SHB Ignacio Cabrera 0-0: Fielders Choice at 2nd, 6-4 (Groundball, 6, EV 105.0 MPH)
Zak Makepeace to third
Batting: LHB Daniel Page 0-0: Foul Ball, location: 2F
0-1: Called Strike
0-2: Ball
1-2: Strikes out swinging
Top of the 6th over - 3 runs, 5 hits, 0 errors, 2 left on base; Irving 6 - Virginia Beach 2
BOTTOM OF THE 6TH
Virginia Beach Whales batting - Pitching for Irving Blue Sox : LHP George Battle
Batting: LHB Esteban Sifuentes 0-0: Foul Ball, location: 2F
0-1: Ball
1-1: Ball
2-1: Foul Ball, location: 2F
2-2: Ball
3-2: DOUBLE (Line Drive, 89M, EV 95.6 MPH)
Pitching: LHP Tim Wallace
Batting: RHB Dave Thomas 0-0: Ball
1-0: Ball
2-0: Called Strike
2-1: Ball
3-1: SINGLE (Line Drive, 34D, EV 99.4 MPH)
Esteban Sifuentes to third
Batting: RHB Paul Pitts 0-0: Swinging Strike
0-1: Ball
1-1: Ball
2-1: Swinging Strike
2-2: Ball
3-2: Base on Balls
Dave Thomas to second
Batting: LHB Keith Pick 0-0: Called Strike
0-1: Ball
1-1: Called Strike
1-2: Foul Ball, location: 2F
1-2: Strikes out swinging
Batting: RHB Pat Geldart 0-0: Ball
1-0: GRAND SLAM HOME RUN (Flyball, 78XD, EV 112.5 MPH), Distance : 429 ft
Pitching: LHP Ben Gillespie
Batting: RHB Lloyd van Grootveld 0-0: Foul Ball, location: 2F
0-1: SINGLE (Flyball, 8RS, EV 100.6 MPH)
Batting: RHB Óscar Cardozo 0-0: Fly out, F7 (Flyball, 7LM, EV 97.5 MPH)
Batting: RHB Juan Oleastro 0-0: Ball
Lloyd van Grootveld steals 2nd base
1-0: DOUBLE (Line Drive, 9LS, EV 91.9 MPH)
Lloyd van Grootveld scores
Batting: RHB Doug Chapman 0-0: Ball
1-0: Swinging Strike
1-1: Ball
2-1: Fly out, F8 (Flyball, 89D, EV 96.9 MPH)
Bottom of the 6th over - 5 runs, 5 hits, 0 errors, 1 left on base; Irving 6 - Virginia Beach 7
TOP OF THE 7TH
Irving Blue Sox batting - Pitching for Virginia Beach Whales : RHP Josh Caldwell
Batting: RHB Omar Luoa 0-0: Swinging Strike
0-1: Foul Ball, location: 2F
0-2: Strikes out swinging
Batting: RHB Nick McGhee 0-0: Ball
1-0: Called Strike
1-1: SINGLE (Groundball, 6MS, EV 90.0 MPH) (infield hit)
Batting: RHB Rubén Plumey 0-0: Swinging Strike
0-1: Ball
1-1: Swinging Strike
1-2: Foul Ball, location: 2F
1-2: Strikes out swinging
Batting: LHB Kent Maxwell 0-0: Ball
1-0: Called Strike
1-1: Foul Ball, location: 2F
1-2: Strikes out swinging
Top of the 7th over - 0 runs, 1 hit, 0 errors, 1 left on base; Irving 6 - Virginia Beach 7
BOTTOM OF THE 7TH
Virginia Beach Whales batting - Pitching for Irving Blue Sox : LHP Ben Gillespie
Batting: LHB Esteban Sifuentes 0-0: Ball
1-0: Ball
2-0: Ground out U3 (Groundball, 3S, EV 86.2 MPH)
Batting: RHB Dave Thomas 0-0: Called Strike
0-1: Ball
1-1: DOUBLE (Groundball, 5L, EV 104.4 MPH)
Batting: RHB Paul Pitts 0-0: Intentional Walk
Batting: LHB Keith Pick 0-0: Ball
1-0: Foul Ball, location: 2F
1-1: Ball
2-1: Ball
3-1: Called Strike
3-2: Foul Ball, location: 2F
3-2: Base on Balls
Dave Thomas to third
Paul Pitts to second
Batting: RHB Pat Geldart 0-0: Ball
1-0: Fly out, F3 (Popup, 3F, EV 71.9 MPH)
Batting: RHB Lloyd van Grootveld 0-0: Called Strike
0-1: Swinging Strike
0-2: Ball
1-2: Strikes out looking
Bottom of the 7th over - 0 runs, 1 hit, 0 errors, 3 left on base; Irving 6 - Virginia Beach 7
TOP OF THE 8TH
Irving Blue Sox batting - Pitching for Virginia Beach Whales : RHP Josh Caldwell
Batting: RHB Martín Muńóz 0-0: Ball
1-0: Ball
2-0: Ball
3-0: Base on Balls
Pitching: RHP John Stevens
Batting: LHB Zak Makepeace 0-0: Ball
1-0: 2-RUN HOME RUN (Flyball, 7D, EV 93.8 MPH), Distance : 393 ft
Batting: RHB Richard Theunen 0-0: Foul Ball, location: 2F
0-1: Ball
1-1: Ball
2-1: Ball
3-1: DOUBLE (Groundball, 5L, EV 103.8 MPH)
Batting: SHB Ignacio Cabrera 0-0: Ball
1-0: Ball
2-0: Fly out, F7 (Flyball, 78D, EV 93.8 MPH)
Batting: LHB Daniel Page 0-0: Ball
1-0: Ball
2-0: Ground out 3-1 (Groundball, 34, EV 101.2 MPH)
Richard Theunen to third
Batting: RHB Omar Luoa 0-0: Ball
1-0: Ball
2-0: Ball
3-0: Base on Balls
Batting: RHB Nick McGhee 0-0: Foul Ball, location: 2F
0-1: Ball
1-1: Foul Ball, location: 2F
1-2: Foul Ball, location: 2F
1-2: Ball
2-2: Foul Ball, location: 2F
2-2: Strikes out looking
Top of the 8th over - 2 runs, 2 hits, 0 errors, 2 left on base; Irving 8 - Virginia Beach 7
BOTTOM OF THE 8TH
Virginia Beach Whales batting - Pitching for Irving Blue Sox : LHP Ben Gillespie
Batting: RHB Óscar Cardozo 0-0: Ball
1-0: Fly out, F8 (Flyball, 8LD, EV 109.4 MPH)
Batting: RHB Juan Oleastro 0-0: Ball
1-0: Called Strike
1-1: Foul Ball, location: 2F
1-2: Foul Ball, location: 2F
1-2: Ground out 1-3 (Groundball, P, EV 85.0 MPH)
Batting: RHB Doug Chapman 0-0: Called Strike
0-1: Swinging Strike
0-2: Ground out 6-3 (Groundball, 6, EV 86.9 MPH)
Bottom of the 8th over - 0 runs, 0 hits, 0 errors, 0 left on base; Irving 8 - Virginia Beach 7
TOP OF THE 9TH
Irving Blue Sox batting - Pitching for Virginia Beach Whales : RHP John Stevens
Pitching: LHP Mike Park
Batting: RHB Rubén Plumey 0-0: Called Strike
0-1: Swinging Strike
0-2: SINGLE (Groundball, 56D, EV 96.2 MPH)
Batting: LHB Kent Maxwell 0-0: Called Strike
0-1: Ball
1-1: Ball
2-1: Called Strike
2-2: Ball
3-2: Strikes out swinging
Batting: RHB Martín Muńóz 0-0: Called Strike
0-1: SINGLE (Groundball, 6S, EV 84.4 MPH) (infield hit)
Rubén Plumey to second
Batting: LHB Zak Makepeace 0-0: Ball
1-0: Swinging Strike
1-1: Ball
2-1: Swinging Strike
2-2: Strikes out swinging
Batting: RHB Richard Theunen 0-0: Ball
1-0: Fly out, F4 (Popup, 34, EV 76.2 MPH)
Top of the 9th over - 0 runs, 2 hits, 0 errors, 2 left on base; Irving 8 - Virginia Beach 7
BOTTOM OF THE 9TH
Virginia Beach Whales batting - Pitching for Irving Blue Sox : LHP Ben Gillespie
Pitching: LHP Hank Lynn
Now at 3B: Thomas Flyer
Now in RF: Rick Newell
Batting: LHB Esteban Sifuentes 0-0: Called Strike
0-1: Fly out, F8 (Line Drive, 8RD, EV 95.6 MPH)
Batting: RHB Dave Thomas 0-0: Ball
1-0: Ground out 4-3 (Groundball, 34, EV 106.9 MPH)
Batting: RHB Paul Pitts 0-0: Ball
1-0: Called Strike
1-1: Ball
2-1: Ball
3-1: Base on Balls
Batting: LHB Keith Pick 0-0: Ball
1-0: Ball
2-0: Foul Ball, location: 2F
2-1: Ball
3-1: Swinging Strike
3-2: Foul Ball, location: 2F
3-2: Ground out 4-3 (Groundball, 4, EV 90.6 MPH)
Bottom of the 9th over - 0 runs, 0 hits, 0 errors, 1 left on base; Irving 8 - Virginia Beach 7
Tuesday, January 5th, 2021 - OOTP Baseball 20.8 Build 74